 Dungeon Crawl Stone Soup version 0.18-a0-1764-gf4ddf0b (webtiles) character file.

6 M4edhros the Ogre Mage (level 1, -3/19 HPs)
             Began as an Ogre Wanderer on Apr 13, 2016.
             Killed from afar by a dart slug (7 damage)
             ... with a slug dart
             ... on level 1 of the Dungeon.
             The game lasted 00:01:00 (129 turns).

M4edhros the Ogre Mage (Ogre Wanderer)               Turns: 129, Time: 00:01:01

Health: -3/19      AC:  3    Str: 16    XL:     1   Next: 90%
Magic:  1/5        EV:  9    Int: 11    God:
Gold:   14         SH:  0    Dex:  9    Spells: 1 memorised, 6 levels left

rFire  . . .     SeeInvis .     e - +0 club
rCold  . . .     Gourm    .     d - +0 robe
rNeg   . . .     Faith    .     (no shield)
rPois  .         Spirit   .     (helmet restricted)
rElec  .         Dismiss  .     (no cloak)
rCorr  .         Reflect  .     (gloves unavailable)
SustAt .         Harm     .     (boots unavailable)
MR     .....                    (no amulet)
Stlth  +.........               (no ring)
                                (no ring)

@: very slightly contaminated, not resistant to hostile enchantments, very
unstealthy
A: unfitting armour, tough skin 1
a: no special abilities


You were on level 1 of the Dungeon.
You were not hungry.

You visited 1 branch of the dungeon, and saw 1 of its levels.

You collected 14 gold pieces.

Inventory:

Hand Weapons
 e - a +0 club (weapon)
Missiles
 g - 23 stones (quivered)
Armour
 d - a +0 robe (worn)
Scrolls
 c - a scroll of teleportation
 j - a scroll of noise {unknown}
Potions
 i - a potion of lignification {unknown}
Books
 a - a book of Minor Magic

   Spells                             Type                      Level
   a - Magic Dart                     Conjuration                  1
   b - Blink                          Translocation                2
   c - Call Imp                       Summoning                    2
   d - Repel Missiles                 Charms/Air                   2
   e - Slow                           Hexes                        2
   f - Conjure Flame                  Conjuration/Fire             3
   g - Mephitic Cloud                 Conjuration/Poison/Air       3
 b - the Grimoire of the Birds

   Spells                             Type                      Level
   a - Repel Missiles                 Charms/Air                   2
   b - Swiftness                      Charms/Air                   2
Comestibles
 f - 2 bread rations
 h - a slice of pizza


   Skills:
 - Level 1.3 Fighting
   Level 1.3 Bows
 - Level 1.0 Throwing
 - Level 3.6 Spellcasting
 + Level 1.0 Conjurations
   Level 1.3 Summonings
   Level 1.0 Evocations


You had 6 spell levels left.
You knew the following spells:

 Your Spells              Type           Power        Failure   Level  Hunger
a - Magic Dart            Conj           #...         21%         1    #......


Dungeon Overview and Level Annotations

Branches:
Dungeon (1/15)

Altars:


Innate Abilities, Weirdness & Mutations

You are too large for most types of armour.
You have tough skin (AC +1).


Message History

The dart slug bites you but does no damage.
You barely miss the dart slug.
The dart slug is lightly wounded.
The dart slug bites you.
You hit the dart slug.
The dart slug is moderately wounded.
The dart slug barely misses you.
You hit the dart slug.
The dart slug is heavily wounded.
The dart slug launches a dart at you. The slug dart hits you!
You hit the dart slug.
The dart slug is severely wounded.
The dart slug bites you.
* * * LOW HITPOINT WARNING * * *
You hit the dart slug.
The dart slug is almost dead.
The dart slug launches a dart at you. The slug dart hits you!
You die...

#...........#
#........)..#
#...........#
#.#...........#
#.#..)....#####
#.#####.#######
##+##..............
#........##.#########$#
+.........#.....@w....#
#.........#############
.......†#....)........#
........#.............#
........#...(.........#
........#.............#
........#.............#
##'######.............#
##.# #.............#


You could see a dart slug.

Vanquished Creatures
  3 goblins (D:1)
  A hobgoblin (D:1)
  A ball python (D:1)
5 creatures vanquished.

Notes
Turn   | Place    | Note
--------------------------------------------------------------
     0 | D:1      | M4edhros the Ogre Wanderer began the quest for the Orb.
     0 | D:1      | M4edhros set off with: a book of Minor Magic, the Grimoire of the Birds, a scroll of teleportation, a +0 robe, a +0 club, a bread ration
     0 | D:1      | Reached XP level 1. HP: 19/19 MP: 5/5
     0 | D:1      | Identified the Grimoire of the Birds
     2 | D:1      | Learned a level 1 spell: Magic Dart
   106 | D:1      | Reached skill level 1 in Conjurations
   129 | D:1      | Killed from afar by a dart slug

Vault maps used:
D:1:      dpeg_arrival_simpleton_a

Skill      XL: |  1 |
---------------+----+-----
Conjurations   | 1 |  1.0
Fighting       | |  1.3
Bows           | |  1.3
Throwing       | |  1.0
Spellcasting   | |  3.6
Summonings     | |  1.3
Evocations     | |  1.0

Action                   || total
-------------------------++-------
Melee: Club              ||     9
 Cast: Magic Dart        ||    10
Armor: Robe              ||     2
Dodge: Dodged            ||     3
